 Dungeon Crawl Stone Soup version 0.21.1-1-g345015f (webtiles) character file.

2567 inc the Martial Artist (level 9, -3/71 HPs)
             Began as a Demonspawn Monk on June 9, 2018.
             Was an Elder of Wu Jian.
             Slain by a killer bee (4 damage)
             ... on level 9 of the Dungeon.
             The game lasted 00:15:02 (6376 turns).

inc the Martial Artist (Demonspawn Monk)            Turns: 6376, Time: 00:15:03

Health: -3/71      AC:  8    Str: 20    XL:     9   Next: 31%
Magic:  9/9        EV: 12    Int: 12    God:    Wu Jian [****..]
Gold:   463        SH:  0    Dex: 15    Spells: 8/8 levels left

rFire    + . .     SeeInvis .     - Unarmed
rCold    + + .     Gourm    .   (no shield)
rNeg     . . .     Faith    .   C - +0 ring mail
rPois    +         Spirit   .   p - +2 hat
rElec    +         Reflect  .   B - +0 cloak
rCorr    +         Harm     .   (no gloves)
MR       +....                  (no boots)
Stlth    +.........             (no amulet)
HPRegen  0.21/turn              f - ring of protection from cold
MPRegen  0.11/turn              r - ring of protection from magic

@: mighty, lethally poisoned (-3 -> -24), resistant, hasted, very quick
A: claws 2, horns 1, talons 2, demonic guardian 1
a: Wall Jump, Serpent's Lash, Renounce Religion


You were on level 9 of the Dungeon.
You worshipped Wu Jian.
Wu Jian was greatly pleased with you.
You were not hungry.

You visited 1 branch of the dungeon, and saw 9 of its levels.

You collected 463 gold pieces.

Inventory:

Hand Weapons
 a - a +0 mace
Armour
 b - a +0 robe
 e - a +0 ring mail
 j - a +0 pair of boots
 n - a +4 plate armour
 p - a +2 hat (worn)
 B - a +0 cloak (worn)
 C - a +0 ring mail (worn)
Jewellery
 f - a ring of protection from cold (left claw)
 i - a -2 ring of protection
 k - a +3 ring of intelligence
 m - an uncursed ring of protection from cold
 r - a ring of protection from magic (right claw)
Wands
 h - a wand of iceblast (8)
 A - a wand of disintegration (16)
Scrolls
 d - 5 scrolls of teleportation
 g - a scroll of remove curse
 o - 2 scrolls of fog {unknown}
 q - a scroll of enchant weapon {unknown}
 s - 2 scrolls of immolation {unknown}
 u - a scroll of amnesia {unknown}
 w - a scroll of random uselessness {unknown}
 x - a scroll of noise {unknown}
Potions
 l - 2 potions of degeneration
 t - a potion of agility
Books
 y - a book of Maledictions

   Spells                             Type                      Level
   a - Corona                         Hexes                        1
   b - Ensorcelled Hibernation        Hexes/Ice                    2
   c - Confuse                        Hexes                        3
   d - Tukima's Dance                 Hexes                        3
   e - Dazzling Spray                 Conjuration/Hexes            3
Comestibles
 c - 8 rations


   Skills:
 + Level 6.4 Fighting
 - Level 2.6 Maces & Flails
 - Level 3.2 Dodging
 - Level 1.7 Stealth
 - Level 10.1 Unarmed Combat


You had 8 spell levels left.
You didn't know any spells.

Dungeon Overview and Level Annotations

Branches:
Dungeon (9/15)             Temple (0/1) D:4
   Lair: D:8-11         Orc: D:9-12

Altars:
Ashenzari
Nemelex Xobeh
Okawaru
Qazlal
Sif Muna
Vehumet
Wu Jian
Yredelemnul
Zin

Annotations:
D:4 tidbits's ghost, weakling GnEn
D:7 simples's ghost, novice SpEn
D:8 Jaiteiro's ghost, novice MiFi


Innate Abilities, Weirdness & Mutations

You have very sharp fingernails.
You have a pair of small horns on your head.
You have razor-sharp toenails.
A weak demonic guardian rushes to your aid.


Message History

* * * LOW HITPOINT WARNING * * *
You feel sick. The killer bee stings you.
* * * LOW HITPOINT WARNING * * *
The killer bee barely misses you.
Your ufetubus misses the killer bee.
Your ufetubus completely misses the killer bee.
The killer bee stings you.
* * * LOW HITPOINT WARNING * * *
The killer bee closely misses you.
It was a potion of resistance.
You feel protected.
* * * LOW HITPOINT WARNING * * *
You feel sick.
Your ufetubus barely misses the killer bee.
Your ufetubus closely misses the killer bee.
The killer bee barely misses you. The killer bee completely misses you.
It was a potion of might.
You feel very mighty all of a sudden.
* * * LOW HITPOINT WARNING * * *
You feel sick. The killer bee stings you.
You die... yy.

.. .y .#######
......#
#########%....#
#......(#.....+
#.......#.....#
#....@y.#.....#
#....5y))....##
#......<.....#
#............#
#########....#
#....# #....#
#....# ....#


You could see 2 killer bees and a friendly ufetubus.

Vanquished Creatures
  Eustachio (D:4)
  Edmund (D:5)
  A water moccasin (D:6)
  3 ogres
  3 ice beasts
  A phantom (D:5)
  A centaur (D:6)
  Blork the orc (D:4)
  3 bullfrogs
  2 big kobolds
  3 scorpions
  3 killer bees (D:9)
  2 howler monkeys
  A crimson imp (D:5)
  A jelly (D:6)
  2 orc priests
  4 hounds (D:6)
  A bullfrog skeleton (D:5)
  4 orc wizards
  A centaur skeleton (D:4)
  An iguana (D:5)
  3 worker ants
  A hound zombie (D:6)
  A hound skeleton (D:6)
  6 adders
  3 oozes
  An adder zombie (D:5)
  An adder skeleton (D:4)
  2 worms
  2 dart slugs (D:2)
  3 leopard geckos
  20 orcs
  A ball python (D:1)
  6 bats
  6 giant cockroaches
  10 goblins
  11 hobgoblins
  3 quokkas
  3 frilled lizards
  A jackal zombie (D:7)
  16 kobolds
  10 rats
150 creatures vanquished.

Vanquished Creatures (collateral kills)
  A killer bee (D:9)
  A howler monkey (D:7)
2 creatures vanquished.

Grand Total: 152 creatures vanquished

Notes
Turn   | Place    | Note
-------+----------+-------------------------------------------
     0 | D:1      | inc the Demonspawn Monk began the quest for the Orb.
     0 | D:1      | Reached XP level 1. HP: 18/18 MP: 1/1
    50 | D:1      | Gained mutation: You have sharp fingernails. [demonic ancestry]
    50 | D:1      | Reached XP level 2. HP: 24/24 MP: 2/2
   154 | D:1      | Reached skill level 1 in Unarmed Combat
   272 | D:1      | Gained mutation: You have very sharp fingernails. [demonic ancestry]
   272 | D:1      | Reached XP level 3. HP: 28/29 MP: 3/3
   406 | D:2      | Reached skill level 2 in Unarmed Combat
   757 | D:2      | Found an ornate altar of the Wu Jian Council.
   769 | D:2      | Became a worshipper of the Wu Jian Council
   769 | D:2      | Reached * piety under Wu Jian
   769 | D:2      | Reached ** piety under Wu Jian
   806 | D:2      | Gained mutation: You have sharp toenails. [demonic ancestry]
   806 | D:2      | Reached XP level 4. HP: 35/35 MP: 4/4
   990 | D:2      | Reached skill level 3 in Unarmed Combat
  1130 | D:2      | Found an iron altar of Okawaru.
  1261 | D:2      | Found a deep blue altar of Sif Muna.
  1597 | D:3      | Reached skill level 4 in Unarmed Combat
  1597 | D:3      | Gained mutation: You have razor-sharp toenails. [demonic ancestry]
  1597 | D:3      | Reached XP level 5. HP: 29/41 MP: 5/5
  1857 | D:3      | Found a radiant altar of Vehumet.
  2411 | D:3      | Reached *** piety under Wu Jian
  2707 | D:4      | Noticed Blork the orc
  2716 | D:4      | Killed Blork the orc
  2716 | D:4      | Reached skill level 5 in Unarmed Combat
  2716 | D:4      | Reached XP level 6. HP: 31/47 MP: 6/6
  2837 | D:4      | Found a staircase to the Ecumenical Temple.
  2838 | D:4      | Noticed Eustachio
  2859 | D:4      | Killed Eustachio
  3060 | D:4      | Noticed tidbits's ghost (weakling GnEn)
  3137 | D:4      | Reached skill level 6 in Unarmed Combat
  3313 | D:4      | Found a glowing silver altar of Zin.
  3548 | D:5      | Entered Level 5 of the Dungeon
  3548 | D:5      | Found a sparkling altar of Nemelex Xobeh.
  3569 | D:5      | Gained mutation: You have a pair of small horns on your head. [demonic ancestry]
  3569 | D:5      | Reached XP level 7. HP: 42/52 MP: 7/7
  3742 | D:5      | Found a shattered altar of Ashenzari.
  3753 | D:5      | Reached skill level 7 in Unarmed Combat
  3803 | D:5      | Found a basalt altar of Yredelemnul.
  4046 | D:5      | Found a stormy altar of Qazlal.
  4223 | D:5      | Noticed Edmund
  4241 | D:5      | Killed Edmund
  4241 | D:5      | Reached skill level 8 in Unarmed Combat
  4604 | D:6      | Gained mutation: A weak demonic guardian rushes to your aid. [demonic ancestry]
  4604 | D:6      | Reached XP level 8. HP: 58/58 MP: 8/8
  4763 | D:7      | Noticed simples's ghost (novice SpEn)
  4982 | D:6      | Reached skill level 9 in Unarmed Combat
  5005 | D:6      | Reached **** piety under Wu Jian
  5429 | D:6      | Reached skill level 10 in Unarmed Combat
  5618 | D:7      | Reached XP level 9. HP: 60/65 MP: 9/9
  5801 | D:8      | Reached skill level 5 in Fighting
  5930 | D:8      | Noticed Jaiteiro's ghost (novice MiFi)
  6375 | D:9      | HP: 3/71 [poisoned by a killer bee]
  6376 | D:9      | HP: 1/71 [poisoned by a killer bee]
  6376 | D:9      | Slain by a killer bee

Skill      XL: |  1  2  3  4  5  6  7  8  9 |
---------------+----------------------------+-----
Dodging        | 3 |  3.2
Unarmed Combat | 1 2 4 5 6 8 10 | 10.1
Fighting       | 4 6 |  6.4
Maces & Flails | |  2.6
Stealth        | |  1.7

Action                   |  1- 3 |  4- 6 |  7- 9 || total
-------------------------+-------+-------+-------++-------
Melee: Mace              |    47 |       |       ||    47
       Unarmed           |    72 |   153 |   253 ||   478
       Punch             |       |     2 |     9 ||    11
       Kick              |       |    24 |    55 ||    79
       Headbutt          |       |       |    42 ||    42
Invok: Lunge             |     1 |    12 |    13 ||    26
       Whirlwind         |       |     2 |    30 ||    32
       Wall Jump         |       |     2 |    12 ||    14
Evoke: Wand              |       |       |     1 ||     1
  Use: Scroll            |     2 |       |     3 ||     5
       Potion            |       |       |     5 ||     5
 Stab: Sleeping          |     1 |     2 |     1 ||     4
  Eat: Chunk             |       |     6 |     6 ||    12
       Ration            |       |     1 |     1 ||     2
Armor: Robe              |    10 |       |       ||    10
       Ring mail         |    40 |    22 |    40 ||   102
       Plate armour      |       |    13 |       ||    13
Dodge: Dodged            |    79 |    43 |   116 ||   238
